 Dungeon Crawl Stone Soup version 0.28-a0-819-g6ef7baa362 (webtiles) character file.

Game seed: 147857711325675844

46 siradein the Skirmisher (level 3, -2/40 HPs)
             Began as an Ogre Monk on Nov 9, 2021.
             Slain by Robin (8 damage)
             ... on level 2 of the Dungeon.
             The game lasted 00:04:55 (1562 turns).

siradein the Skirmisher (Ogre Monk)                 Turns: 1562, Time: 00:04:56

Health: -2/40      AC:  3    Str: 15    XL:     3   Next: 66%
Magic:  0/3        EV: 11    Int: 11    God:
Gold:   32         SH:  0    Dex: 18    Spells: 2/2 levels left

rFire   . . .      SeeInvis .   a - +0 mace
rCold   . . .      Faith    .   (no shield)
rNeg    . . .      Spirit   .   b - +0 robe
rPois   .          Reflect  .   (helmet restricted)
rElec   .          Harm     .   (no cloak)
rCorr   .          Rampage  .   (gloves unavailable)
Will    .....                   (boots unavailable)
Stlth   ++........              (no amulet)
HPRegen 0.13/turn               m - +6 ring of dexterity
MPRegen 0.08/turn               (no ring)

@: no status effects
A: large, unfitting armour, tough skin 1
a: no special abilities


You were on level 2 of the Dungeon.
You visited 1 branch of the dungeon, and saw 2 of its levels.

You collected 32 gold pieces.

Inventory:

Hand Weapons
 a - a +0 mace (weapon)
Missiles
 j - 4 boomerangs of dispersal (quivered)
 k - 14 poisoned darts
 l - 4 javelins
Armour
 b - a +0 robe (worn)
Jewellery
 m - a +6 ring of dexterity (left hand)
Scrolls
 c - 2 scrolls of amnesia {unknown}
 d - a scroll of magic mapping {unknown}
 e - 2 scrolls of identify {unknown}
 g - a scroll of fog {unknown}
 h - a scroll of fear {unknown}
 i - a scroll of teleportation {unknown}
 p - a scroll of vulnerability {unknown}
Potions
 f - a potion of haste {unknown}
 n - a potion of brilliance {unknown}
 o - a potion of ambrosia {unknown}


   Skills:
 + Level 4.6 Fighting
 + Level 3.1 Maces & Flails
 + Level 0.4 Throwing
 + Level 0.3 Armour
 + Level 3.2 Dodging
 - Level 1.4 Stealth


You had 2 spell levels left.
You didn't know any spells.
Your spell library was empty.

Dungeon Overview and Level Annotations

Branches:
Dungeon (2/15)

Altars:
Hepliaklqana

Annotations:
D:2 1 runed translucent door, Crazy Yiuf, Robin


Innate Abilities, Weirdness & Mutations

You are too large for most types of armour.
You have tough skin. (AC +1)


Message History

The hobgoblin closely misses you.
You hit Robin but do no damage.
Robin is moderately wounded.
Robin hits you with a +2 antimagic trident!
You feel your power leaking away. The hobgoblin hits you.
Robin hits you with a +2 antimagic trident.
You sock Robin!
Robin is severely wounded.
The hobgoblin hits you.
Robin hits you with a +2 antimagic trident.
The hobgoblin hits you but does no damage.
You are too injured to fight recklessly!
You are too injured to fight recklessly!
You are too injured to fight recklessly!
You are too injured to fight recklessly!
Robin barely misses you.
Items here: ( ))))) ÷÷÷ †.
Items here: ))))).
You barely miss the hobgoblin. The hobgoblin barely misses you.
You thump the hobgoblin!
You kill the hobgoblin!
Robin closely misses you.
Robin hits you from afar with a +2 antimagic trident.
You feel your power leaking away. Robin completely misses you.
You see here a hobgoblin corpse.
You hit Robin but do no damage.
Robin is heavily wounded.
Robin hits you with a +2 antimagic trident.
* * * LOW HITPOINT WARNING * * *
You hit Robin but do no damage.
Robin is heavily wounded.
Robin hits you with a +2 antimagic trident.
* * * LOW HITPOINT WARNING * * *
You completely miss Robin.
Robin is heavily wounded.
Robin says, "My army is invincible!"
Robin hits you with a +2 antimagic trident!
You die...

#............# ####.#.......#
#....#....#### ###.........#
............# #...#.......#
.#..........#####.#.##.._...#
.#........).......#..#.....##
.#............######.#.....#
.#............## #.#..#.##
...............#####......#
#..##...##).#...@g))....###
........###..#.#####....###
.#.##...####....#.........#
##....#...##..#...........#
.###...>..###>###.g.......#
.###.##.#..##.###.........#
..##..........g.#....)....#
..##.##g#...#.#...........#
#.......###....[.......†..#


You could see Robin.

Vanquished Creatures
  A dart slug (D:2)
  3 ball pythons
  2 endoplasms (D:1)
  A giant cockroach (D:1)
  15 goblins
  4 hobgoblins
  4 bats
  5 frilled lizards
  3 kobolds
  2 rats
40 creatures vanquished.

Notes
Turn   | Place    | Note
-------+----------+-------------------------------------------
     0 | D:1      | siradein the Ogre Monk began the quest for the Orb.
     0 | D:1      | Reached XP level 1. HP: 24/24 MP: 1/1
   323 | D:1      | Reached XP level 2. HP: 24/32 MP: 2/2
   733 | D:1      | Found a faded altar of an unknown god.
  1123 | D:2      | Reached XP level 3. HP: 34/40 MP: 3/3
  1212 | D:2      | Found a hazy altar of Hepliaklqana.
  1313 | D:2      | Noticed Robin
  1469 | D:2      | Found a runed translucent door.
  1470 | D:2      | Noticed Crazy Yiuf
  1562 | D:2      | Slain by Robin

Illustrated notes

Levels and vault maps discovered:
D:1:      dpeg_arrival_rooms_b, layout_loops_ring,
          shapermc_ecumenical_altar_starsandcircs
D:2:      layout_rooms, basic_altar, uniq_crazy_yiuf_cottage, uniq_robin

Skill      XL: |  1  2 |
---------------+-------+-----
Dodging        | 3 |  3.2
Maces & Flails | 3 |  3.1
Fighting       | |  4.6
Throwing       | |  0.4
Armour         | |  0.3
Stealth        | |  1.4

Action                   || total
-------------------------++-------
Melee: Mace              ||   121
 Stab: Sleeping          ||     3
       Distracted        ||     1
Armor: Robe              ||    39
Dodge: Dodged            ||    65

Table legend: (Time is in decaauts)
 A = Elapsed time spent in this place.
 B = Non-inter-level travel time spent in this place.
 C = Inter-level travel time spent in this place.
 D = Time resting spent in this place.
 E = Time spent auto-exploring this place.
 F = Levels seen in this place.
 G = Mean time per level.
                   A        B        C        D        E       F      G
               +--------+--------+--------+--------+--------+-----+--------+
         Total |   1591 |   1563 |     28 |      5 |   1193 |   2 |  795.5 |
       Dungeon |   1591 |   1563 |     28 |      5 |   1193 |   2 |  795.5 |
               +--------+--------+--------+--------+--------+-----+--------+

Top non-repeatable levels by time:
     D:1: 1085 daAuts
     D:2: 506 daAuts
